 Dungeon Crawl Stone Soup version 0.31-a0-277-g31ea1f65cc (webtiles) character file.

Game seed: 15864422005671639258

63 Newt the Trooper (level 3, -2/30 HPs)
             Began as a Demonspawn Gladiator on July 15, 2023.
             Slain by a hound (5 damage)
             ... on level 3 of the Dungeon.
             The game lasted 00:01:20 (1448 turns).

Newt the Trooper (Demonspawn Gladiator)             Turns: 1448, Time: 00:01:21

Health: -2/30      AC:  4    Str: 16    XL:     3   Next: 87%
Magic:  3/3        EV: 12    Int:  9    God:
Gold:   61         SH:  0    Dex: 14    Spells: 2/2 levels left

rFire   . . .        a - +0 rapier
rCold   . . .        (no shield)
rNeg    . . .        b - +0 leather armour
rPois   .            c - +0 helmet
rElec   .            (no cloak)
rCorr   .            (no gloves)
SInv    .            (no boots)
Will    .....        (no amulet)
Stlth   +            (no ring)
HPRegen 0.25/turn    (no ring)
MPRegen 0.08/turn

%: no passive effects
@: no status effects
A: claws 1
a: no special abilities


You were on level 3 of the Dungeon.
You visited 1 branch of the dungeon, and saw 3 of its levels.

You collected 61 gold pieces.

Inventory:

Hand Weapons
 a - a +0 rapier (weapon)
Missiles
 h - 6 poisoned darts
Armour
 b - a +0 leather armour (worn)
 c - a +0 helmet (worn)
Scrolls
 i - a scroll of torment
 j - a scroll of poison
Potions
 f - a potion of magic
 g - a potion of enlightenment


   Skills:
 - Level 4.0 Fighting
 - Level 2.6 Short Blades
 - Level 1.7 Throwing
 - Level 2.6 Dodging
 + Level 1.2 Stealth


You had 2 spell levels left.
You didn't know any spells.
Your spell library was empty.

Dungeon Overview and Level Annotations

Branches:
Dungeon (3/15)

Altars:


Innate Abilities, Weirdness & Mutations

You have sharp fingernails.


Message History

The hound misses you. The hound bites you.
* * * LOW HITPOINT WARNING * * *
Unknown command.
Throw: 2 throwing nets
Press: ? - help, Q - select action, (/) - cycle Shift-Dir - straight line, f/p - hound
Aim: a hound (severely wounded, 46% to hit)
You throw a throwing net. The throwing net hits the hound.
The hound is caught in the net!
The hound is severely wounded.
The hound struggles against the net.
You hit the hound.
The hound is severely wounded.
The hound struggles against the net. x2
You hit the hound but do no damage.
The hound is severely wounded.
The hound struggles against the net.
The net rips apart, and the hound comes free!
Unknown command.
Throw: throwing net
Press: ? - help, Q - select action, (/) - cycle Shift-Dir - straight line, f/p - hound
Aim: a hound (severely wounded, 46% to hit)
You throw a throwing net.
The throwing net barely misses the hound.
The hound completely misses you. The hound closely misses you.
Unknown command.
Throw: javelin
Press: ? - help, Shift-Dir - straight line, f/p - hound
Aim: a hound (severely wounded, 46% to hit)
You throw a javelin. The javelin closely misses the hound.
The hound barely misses you. The hound bites you but does no damage.
Unknown command.
You miss the hound.
The hound is severely wounded.
The hound closely misses you. The hound bites you.
* * * LOW HITPOINT WARNING * * *
Unknown command.
You closely miss the hound.
The hound is severely wounded.
The hound bites you.
You die...

#.# #.# #. ##.##### #.#
## .......# #.. .# +#
...###.# #[# .# ...
....##.# #.# .# ....
..#.##.######.### .#.....
.##.##.#........##.......
................@h.....(.
..#.####.#...............
#.#.# #.#.##..#####.....
.... #.#.###.# .... #.###
#.... ..# ... >#
###.##### +# # #.# #..
#..


You could see a hound.

Vanquished Creatures
  4 adders
  A dart slug (D:1)
  5 endoplasms
  4 giant cockroaches (D:1)
  A goblin (D:1)
  A hobgoblin (D:2)
  2 ball pythons (D:1)
  A bat (D:1)
  A frilled lizard (D:1)
  4 kobolds
  A rat (D:2)
25 creatures vanquished.

Notes
Turn   | Place    | Note
-------+----------+-------------------------------------------
     0 | D:1      | Newt the Demonspawn Gladiator began the quest for the Orb.
     0 | D:1      | Reached XP level 1. HP: 16/16 MP: 1/1
   339 | D:1      | Discovered your monstrous ancestry.
   339 | D:1      | Gained mutation: You have sharp fingernails. [demonic
                  | ancestry]
   339 | D:1      | Reached XP level 2. HP: 23/23 MP: 2/2
   528 | D:1      | Reached skill level 3 in Fighting
  1041 | D:2      | Reached XP level 3. HP: 29/29 MP: 3/3
  1214 | D:2      | Reached skill level 4 in Fighting
  1309 | D:3      | Reached skill level 1 in Stealth
  1448 | D:3      | Slain by a hound

Illustrated notes

Levels and vault maps discovered:
D:1:      tarquinn_simple_flora_water_c, layout_basic, serial_curves,
          eino_curves_01, eino_curves_02, eino_curves_02, eino_curves_01,
          minmay_misc_feat_tiny, minivault_23, nicolae_figureground_sparkle
D:2:      layout_rooms, nrook_uturn
D:3:      layout_loops_corners, mainiacjoe_overflow_alcove_2, lemuel_tele_altar

Skill      XL: |  1  2  3 |
---------------+----------+-----
Fighting       | 3 4 |  4.0
Stealth        | 1 |  1.2
Short Blades   | |  2.6
Throwing       | |  1.7
Dodging        | |  2.6

Action                     || total
---------------------------++-------
  Melee: Rapier            ||    95
         Punch             ||     3
  Throw: Throwing net      ||     3
         Javelin           ||     1
    Use: Scroll            ||     7
   Stab: Sleeping          ||     1
 Armour: Leather armour    ||    30
  Dodge: Dodged            ||    48

Table legend: (Time is in decaauts)
 A = Elapsed time spent in this place.
 B = Non-inter-level travel time spent in this place.
 C = Inter-level travel time spent in this place.
 D = Time resting spent in this place.
 E = Time spent auto-exploring this place.
 F = Levels seen in this place.
 G = Mean time per level.
                   A        B        C        D        E       F      G
               +--------+--------+--------+--------+--------+-----+--------+
         Total |   1457 |   1410 |     47 |    100 |   1075 |   3 |  485.7 |
       Dungeon |   1457 |   1410 |     47 |    100 |   1075 |   3 |  485.7 |
               +--------+--------+--------+--------+--------+-----+--------+

Top non-repeatable levels by time:
     D:1: 771 daAuts
     D:2: 525 daAuts
     D:3: 159 daAuts
